 Dungeon Crawl Stone Soup version 0.27-a0-1202-ge72e49191c (webtiles) character file.

Game seed: 1333653282658653669

19183 senseless the Thaumaturge (level 12, -6/135 HPs)
             Began as a Purple Draconian Transmuter on June 4, 2021.
             Was a High Priest of Fedhas.
             Mangled by a white ugly thing (31 damage)
             ... in an ice cave.
             The game lasted 00:55:45 (14375 turns).

senseless the Thaumaturge (DrTm)                   Turns: 14375, Time: 00:55:45

Health: -6/135     AC:  7    Str: 19    XL:     12   Next: 34%
Magic:  22/25      EV: 11    Int: 18    God:    Fedhas [*****.]
Gold:   702        SH:  0    Dex: 17    Spells: 19/30 levels left

rFire    . . .     SeeInvis .     - Unarmed
rCold    . . .     Faith    .   (shield currently unavailable)
rNeg     . . .     Spirit   .   (armour unavailable)
rPois    +         Reflect  .   (helmet currently unavailable)
rElec    .         Harm     .   (cloak currently unavailable)
rCorr    .         Rampage  .   (gloves currently unavailable)
Will     +....                  (boots currently unavailable)
Stlth    ++........             B - amulet of regeneration
HPRegen  1.32/turn              N - ring of wizardry
MPRegen  0.19/turn              l - ring "Feginops" {Str+5 Dex+6}

@: hydra-form, wereblooded
A: fast swimmer, devour, amphibious, boosted hp, (breathe power), AC +8, very
large, unfitting armour, (cold-blooded)
a: End Transformation, Renounce Religion, Wall of Briars, Grow Ballistomycete,
Overgrow, Grow Oklob


You were in an ice cave.
You worshipped Fedhas.
Fedhas was extremely pleased with you.
You were a four-headed hydra.
You visited 2 branches of the dungeon, and saw 13 of its levels.
You also visited: Ossuary and Ice Cave.

You collected 724 gold pieces.
You spent 22 gold pieces at shops.

Inventory:

Hand Weapons
 g - a +2 mace of draining
 q - a +4 scimitar of flaming
 u - a +1 dagger of draining
 J - a +5 long sword
Missiles
 a - 13 javelins
 d - 4 atropa-tipped darts
 o - 3 curare-tipped darts
 G - 2 throwing nets
Armour
 b - a +2 pair of boots (melded)
 A - a +2 cloak (melded)
 C - a +0 cloak
 K - a +2 kite shield
Magical Staves
 I - a staff of death
Jewellery
 e - a ring of protection from fire
 l - the ring "Feginops" (right foreclaw) {Str+5 Dex+6}
   (You acquired it on level 4 of the Dungeon)

   [ring of dexterity]

   It affects your strength (+5).
   It affects your dexterity (+6).
 B - an amulet of regeneration (around neck)
 N - a ring of wizardry (left foreclaw)
 O - a +6 ring of dexterity
Wands
 t - a wand of paralysis (15)
 w - a wand of polymorph (11)
 x - a wand of flame (26)
 y - a wand of acid (13)
 H - a wand of digging (12)
Scrolls
 f - 2 scrolls of magic mapping
 k - 2 scrolls of amnesia
 v - 4 scrolls of blinking
 z - 3 scrolls of fear
 D - a scroll of fog
 E - a scroll of summoning
 F - a scroll of enchant weapon
 L - a scroll of holy word
 Q - a scroll of identify
Potions
 c - a potion of curing
 h - 2 potions of flight
 i - 2 potions of invisibility
 j - 5 potions of attraction
 m - a potion of ambrosia
 n - 2 potions of lignification
 p - 3 potions of mutation
 s - a potion of cancellation
 M - a potion of haste
 P - a potion of resistance


   Skills:
 + Level 9.3 Fighting
 + Level 8.1 Dodging
 + Level 9.2 Unarmed Combat
 + Level 9.6 Spellcasting
 + Level 8.7 Transmutations
 + Level 9.1 Invocations


You had 19 spell levels left.
You knew the following spells:

 Your Spells              Type           Power      Damage    Failure   Level
a - Beastly Appendage     Tmut           80%        N/A       1%          1
b - Wereblood             Tmut           40%        N/A       1%          2
c - Spider Form           Tmut/Pois      12%        N/A       1%          3
d - Hydra Form            Tmut           20%        N/A       2%          5

Your spell library contained the following spells:

 Spells                   Type           Power      Damage    Failure   Level
 Corona                   Hex            8%         N/A       3%          1
 Magic Dart               Conj           32%        1d4       3%          1
 Blink                    Tloc           N/A        N/A       5%          2
 Call Imp                 Summ           8%         N/A       5%          2
 Ensorcelled Hibernation  Hex/Ice        16%        N/A       5%          2
 Slow                     Hex            8%         N/A       5%          2
 Ice Form                 Ice/Tmut       24%        N/A       6%          4
 Confusing Touch          Hex            8%         N/A       11%         3
 Conjure Flame            Conj/Fire      8%         6-21      11%         3
 Dazzling Flash           Conj/Hex       16%        N/A       11%         3
 Mephitic Cloud           Conj/Pois/Air  8%         N/A       11%         3
 Tukima's Dance           Hex            8%         N/A       11%         3


Dungeon Overview and Level Annotations

Branches:
Dungeon (12/15)            Temple (1/1) D:6            Lair (0/6) D:10
    Orc (0/2) D:12        Ossuary (visited)           IceCv (1/1)

Altars:
Dithmenos
Fedhas
Nemelex Xobeh

Shops:
D:1 [   D:3 *   D:8 *

Portals:
Trove: D:10 (give +3 shadow dragon scales)

Annotations:
D:7 Harold, Joseph


Innate Abilities, Weirdness & Mutations

You are a four-headed hydra.
You swim very quickly.
You can devour living enemies to heal.
You are amphibious.
Your maximum health is greatly increased.
Your armour is entirely melded.
You are incapable of wielding weapons or throwing items.
((You can breathe bolts of dispelling energy.))
((Your rich purple scales are hard. (AC +8)))
You cannot fit into any form of body armour.
((You are cold-blooded and may be slowed by cold attacks.))


Message History

The rime drake is heavily wounded.
The rime drake bites you.
You bite the rime drake!
The rime drake is severely wounded.
The rime drake bites you but does no damage.
You gouge the rime drake!!
You devour the rime drake!
You feel better.
You kill the rime drake!
Fedhas appreciates your contribution to the ecosystem.
No target in view!
The ice encasing you melts away.
There is a frozen archway here.
The world spins around you as you enter the gateway.
You enter an ice cave!
An ugly thing and 6 ice beasts come into view.
Found six items.
Found an ice covered gate leading back out of this place.
There is an ice choked empty arch of ancient stone here.
Casting: Hydra Form (mildly dangerous; 2% risk of failure)
Confirm with . or Enter, or press ? or * to list all spells.
Your blood is infused with primal strength.
The white ugly thing gurgles horribly!
The ice beast hits you. The ice beast freezes you!
The ice beast closely misses you.
You nip at the white ugly thing but do no damage.
You nip at the ice beast.
You gouge the ice beast!!
The ice beast hits you but does no damage.
The white ugly thing tail-slaps you. The white ugly thing freezes you!!
You are too injured to fight recklessly!
You barely miss the ice beast.
The ice beast is severely wounded.
You nip at the white ugly thing.
You bite the ice beast! x2
The ice beast hits you. The ice beast freezes you! The ice beast hits you.
The ice beast freezes you!
* * * LOW HITPOINT WARNING * * *
The ice beast hits you but does no damage.
The ice beast barely misses you. The white ugly thing tail-slaps you!
* * * LOW HITPOINT WARNING * * *
The white ugly thing freezes you!!
You die...
Fedhas appreciates your contribution to the ecosystem.

#######
##.....##
##..YD...##
##...YuY...##
#....YY.....#
#....Y......#
#...........#
#.............#
#....8...8....#
#......[......#
##....)©$....##


You could see a white ugly thing and 6 ice beasts.

Vanquished Creatures
  Josephine (D:11)
  A boulder beetle (D:11)
  2 hydras (D:12)
  A centaur warrior (D:10)
  Erica (D:11)
  4 two-headed ogres
  A deep elf pyromancer (D:12)
  An ugly thing (D:12)
  A cyclops (D:12)
  Maggie (D:7)
  2 rime drakes (D:12)
  An unseen horror (D:12)
  A kobold demonologist (D:11)
  A troll (D:10)
  Prince Ribbit (D:8)
  A shadow (D:10)
  18 yaks
  A vampire (D:11)
  6 wraiths
  4 wyverns
  Grum (D:11)
  9 water moccasins
  Duvessa (D:7)
  2 ice beasts
  2 orc warriors (D:10)
  4 sky beasts
  3 wolves (D:11)
  A necrophage (D:5)
  An ogre (D:5)
  5 centaurs
  3 kobold brigands
  A gnoll sergeant (D:9)
  A scorpion (D:10)
  2 bullfrogs
  A wyvern zombie (D:8)
  Dowan (D:7)
  A water moccasin skeleton (D:4)
  7 wights
  5 centaur zombies
  A bullfrog zombie (D:6)
  5 hounds
  A jelly (D:7)
  4 orc priests
  2 human zombies (Ossuary)
  A bullfrog skeleton (D:7)
  A centaur skeleton (D:5)
  4 iguanas
  6 orc wizards
  3 hound zombies (Ossuary)
  3 mummies (Ossuary)
  6 gnolls
  A howler monkey skeleton (D:7)
  4 adders
  2 adder zombies (Ossuary)
  An adder skeleton (D:4)
  2 worms
  A dart slug (D:5)
  23 orcs
  3 bats
  8 endoplasms
  8 giant cockroaches
  5 goblins
  5 hobgoblins
  3 jackals (D:4)
  2 quokkas (D:3)
  6 ball pythons
  2 gnoll zombies (Ossuary)
  5 goblin zombies (Ossuary)
  2 hobgoblin zombies (Ossuary)
  2 jackal zombies (Ossuary)
  12 kobolds
  5 kobold zombies (Ossuary)
  An orc zombie (Ossuary)
  6 quokka zombies (Ossuary)
  2 rats
  4 rat zombies (Ossuary)
253 creatures vanquished.

Vanquished Creatures (others)
  3 bushes (D:10)
  9 fungi (D:10)
  17 plants (D:10)
29 creatures vanquished.

Grand Total: 282 creatures vanquished

Notes
Turn   | Place    | Note
-------+----------+-------------------------------------------
     0 | D:1      | senseless the Draconian Transmuter began the quest for the
                  | Orb.
     0 | D:1      | Reached XP level 1. HP: 16/16 MP: 3/3
   411 | D:1      | Found Evvet's Antique Armour Shoppe.
   514 | D:1      | Reached XP level 2. HP: 23/23 MP: 3/5
   715 | D:2      | Reached XP level 3. HP: 21/29 MP: 4/6
  1224 | D:2      | Reached XP level 4. HP: 29/36 MP: 5/7
  1657 | D:2      | Found a sparkling altar of Nemelex Xobeh.
  1712 | D:2      | Found a faded altar of an unknown god.
  1872 | D:2      | Became a worshipper of Fedhas Madash
  1872 | D:2      | Reached * piety under Fedhas
  2564 | D:3      | Reached XP level 5. HP: 42/42 MP: 7/9
  2986 | D:3      | Reached ** piety under Fedhas
  3323 | D:3      | Found Leodagre's General Store.
  3717 | D:4      | Noticed a centaur
  4007 | D:4      | Reached XP level 6. HP: 46/51 MP: 10/10
  4779 | D:4      | Identified a scroll of acquirement
  4779 | D:4      | Acquired the ring "Feginops" {Str+5 Dex+6}
  4784 | D:5      | Entered Level 5 of the Dungeon
  4893 | D:5      | Noticed a sky beast
  4902 | D:5      | Killed a sky beast
  4903 | D:5      | Your scales start taking on a rich purple colour.
  4903 | D:5      | Reached XP level 7. HP: 57/57 MP: 13/13
  4993 | D:5      | Found a sand-covered staircase.
  5010 | Ossuary  | Entered an ossuary
  5029 | Ossuary  | Reached *** piety under Fedhas
  5357 | Ossuary  | Reached **** piety under Fedhas
  5483 | D:5      | Reached skill level 5 in Unarmed Combat
  5554 | D:5      | Reached skill level 1 in Invocations
  5649 | D:5      | Reached skill level 5 in Spellcasting
  5649 | D:5      | Reached XP level 8. HP: 20/67 MP: 15/15
  6574 | D:6      | Learned a level 2 spell: Wereblood
  6578 | D:6      | Learned a level 3 spell: Spider Form
  6584 | D:6      | Learned a level 5 spell: Hydra Form
  6953 | D:6      | Found a staircase to the Ecumenical Temple.
  7044 | Temple   | Entered the Ecumenical Temple
  7153 | D:7      | Noticed Maggie
  7178 | D:7      | Killed Maggie
  7179 | D:7      | Reached skill level 5 in Fighting
  7179 | D:7      | Reached skill level 5 in Transmutations
  7440 | D:7      | Found a shadowy altar of Dithmenos.
  7660 | D:7      | Reached XP level 9. HP: 51/74 MP: 17/17
  7661 | D:7      | Noticed Duvessa
  7986 | D:7      | Noticed Dowan
  8003 | D:7      | Killed Dowan
  8387 | D:7      | Noticed Joseph
  8399 | D:7      | Killed Duvessa
  8399 | D:7      | Noticed Harold
  8400 | D:7      | Reached skill level 5 in Invocations
  8461 | D:6      | Reached skill level 5 in Dodging
  9858 | D:8      | Found Doisypt's General Store.
  9866 | D:8      | Bought a scroll of identify for 22 gold pieces
 10117 | D:8      | Reached XP level 10. HP: 76/84 MP: 18/20
 10306 | D:9      | Noticed Prince Ribbit
 10325 | D:8      | Killed Prince Ribbit
 10990 | D:10     | Entered Level 10 of the Dungeon
 11115 | D:10     | Reached ***** piety under Fedhas
 11340 | D:10     | Noticed a centaur warrior
 11350 | D:10     | Killed a centaur warrior
 11380 | D:10     | Noticed a two-headed ogre
 11392 | D:10     | Killed a two-headed ogre
 11591 | D:10     | Found a staircase to the Lair.
 11653 | D:10     | Reached XP level 11. HP: 93/93 MP: 16/23
 11851 | D:10     | Found a portal to a secret trove of treasure.
 12257 | D:11     | Noticed a two-headed ogre
 12313 | D:11     | Noticed a two-headed ogre
 12320 | D:11     | Killed a two-headed ogre
 12460 | D:11     | Noticed a two-headed ogre
 12469 | D:11     | Killed a two-headed ogre
 12578 | D:11     | Noticed Grum
 12592 | D:11     | Killed Grum
 12658 | D:11     | Noticed Josephine
 12684 | D:11     | Killed Josephine
 12949 | D:11     | Killed a two-headed ogre
 13010 | D:11     | Noticed Erica
 13027 | D:11     | Noticed a boulder beetle
 13028 | D:11     | HP: 1/95 [something/lance of force (14)]
 13128 | D:11     | Killed Erica
 13657 | D:11     | Killed a boulder beetle
 13658 | D:11     | Reached XP level 12. HP: 51/103 MP: 25/25
 13979 | D:12     | Found a staircase to the Orcish Mines.
 14021 | D:12     | Noticed a five-headed hydra
 14021 | D:12     | Noticed a seven-headed hydra
 14037 | D:12     | Killed a five-headed hydra
 14092 | D:12     | Killed a seven-headed hydra
 14350 | D:12     | Found a frozen archway.
 14368 | IceCv    | Entered an ice cave
 14375 | IceCv    | Mangled by a white ugly thing

Illustrated notes

Levels and vault maps discovered:
D:1:      tarquinn_simple_flora_water_f, layout_basic, serial_shops, shop,
          nrook_uturn
D:2:      layout_basic, hellmonk_ecumenical_altar_pennies_from_heaven,
          basic_altar, chequers_serial_rivers_micro_d
D:3:      layout_basic, serial_shops, shop
D:4:      layout_rooms, serial_corexii_hall, corexii_hall_statues_deadend,
          corexii_hall_statues_x
D:5:      layout_loops_ring, nicolae_ossuary_entry_ruins
D:6:      layout_rooms, minmay_temple_entry_hall
D:7:      layout_loops_corners, marbit_many_paths, kennysheep_nub, uniq_harold,
          uniq_joseph, uniq_maggie, uniq_duvessa
D:8:      layout_loops_corners, serial_shops, shop
D:9:      layout_rooms, uniq_prince_ribbit1
D:10:     layout_loops_corners, minmay_lair_entry_grove,
          nicolae_trove_entry_isolated, minmay_misc_feat_doors
D:11:     layout_basic, uniq_grum, uniq_erica, uniq_josephine
D:12:     layout_roguey, orc_0_dummy, portal_ice_cave_rime,
          minmay_unpleasant_kobolds
Temple:   kilobyte_greek_temple
IceCv:    ice_cave_statue_garden_transporter

Skill      XL: |  1  2  3  4  5  6  7  8  9 10 11 12 |
---------------+-------------------------------------+-----
Dodging        | 2 3 4 5 6 7 8 |  8.1
Fighting       | 2 3 4 5 6 7 8 9 |  9.3
Transmutations | 3 4 5 6 7 8 |  8.7
Spellcasting   | 3 4 5 6 8 9 |  9.6
Unarmed Combat | 4 5 6 7 8 9 |  9.2
Invocations    | 1 4 6 7 8 9 |  9.1

Action                   |  1- 3 |  4- 6 |  7- 9 | 10-12 || total
-------------------------+-------+-------+-------+-------++-------
Melee: Unarmed           |    58 |   190 |   369 |   458 ||  1075
       Kick              |    10 |    42 |   146 |   186 ||   384
       Headbutt          |     6 |    24 |    94 |   109 ||   233
       Tailslap          |     2 |    15 |    62 |    82 ||   161
       Punch             |       |     3 |     7 |    30 ||    40
Throw: Javelin           |       |       |       |     2 ||     2
       Throwing net      |       |       |       |     3 ||     3
       Dart              |       |       |       |     2 ||     2
 Cast: Beastly Appendage |    18 |    37 |    53 |    41 ||   149
       Wereblood         |       |       |     2 |    13 ||    15
       Hydra Form        |       |       |       |     6 ||     6
Invok: Wall of Briars    |       |       |     1 |       ||     1
 Abil: Breathe Dispellin |       |       |     2 |       ||     2
Evoke: Wand              |       |       |     2 |     5 ||     7
  Use: Scroll            |     4 |    11 |    13 |     6 ||    34
       Potion            |       |     1 |     1 |     6 ||     8
 Stab: Sleeping          |     1 |     1 |     3 |     1 ||     6
Armor: Skin              |    13 |    47 |    93 |   118 ||   271
Dodge: Dodged            |    30 |   112 |   195 |   245 ||   582

Table legend: (Time is in decaauts)
 A = Elapsed time spent in this place.
 B = Non-inter-level travel time spent in this place.
 C = Inter-level travel time spent in this place.
 D = Time resting spent in this place.
 E = Time spent auto-exploring this place.
 F = Levels seen in this place.
 G = Mean time per level.
                   A        B        C        D        E       F      G
               +--------+--------+--------+--------+--------+-----+--------+
         Total |  14271 |  13586 |    685 |   1250 |  10128 |  15 |  951.4 |
       Dungeon |  13865 |  13180 |    685 |   1250 |   9883 |  12 | 1155.4 |
        Temple |      1 |      1 |      0 |      0 |      0 |   1 |    1.0 |
       Ossuary |    397 |    397 |      0 |      0 |    245 |   1 |  397.0 |
      Ice Cave |      6 |      6 |      0 |      0 |      0 |   1 |    6.0 |
               +--------+--------+--------+--------+--------+-----+--------+

Top non-repeatable levels by time:
     D:7: 1656 daAuts
     D:3: 1585 daAuts
    D:11: 1550 daAuts
     D:2: 1490 daAuts
     D:8: 1406 daAuts
    D:10: 1282 daAuts
     D:6: 1035 daAuts
     D:5: 1028 daAuts
     D:4: 1024 daAuts
     D:1: 650 daAuts
     D:9: 633 daAuts
    D:12: 519 daAuts
 Ossuary: 397 daAuts
   IceCv: 6 daAuts
  Temple: 1 daAuts
